 Dungeon Crawl Stone Soup version 0.29-a0-993-g4a18f31a58 (webtiles) character file.

Game seed: 4136720432733277990

263925 spiderkeys the Slayer (level 20, -6/197 (206) HPs)
             Began as a Hill Orc Monk on Aug 2, 2022.
             Was a High Priest of Beogh.
             Killed from afar by a tengu reaver (28 damage)
             ... with a bolt of negative energy
             ... led by Sojobo
             ... while paralysed by a floating eye
             ... on level 1 of the Depths.
             The game lasted 01:21:06 (47823 turns).

spiderkeys the Slayer (Hill Orc Monk)              Turns: 47823, Time: 01:21:06

HP:   -6/197 (206)  AC: 36    Str: 35    XL:     20   Next: 3%
MP:   40/40         EV:  2    Int: 10    God:    Beogh [*****.]
Gold: 5857          SH:  0    Dex: 20    Spells: 19/19 levels left

rFire   . . .      SeeInvis .   J - +7 broad axe (flame)
rCold   + . .      Faith    .   n - +0 buckler
rNeg    . . .      Spirit   .   G - +4 chain mail "Bomm" {rC+ rCorr Str+3}
rPois   .          Reflect  +   I - +2 helmet
rElec   .          Harm     .   e - +2 cloak
rCorr   +          Rampage  .   A - +2 pair of gloves {Str+3}
Will    ++...                   T - +2 pair of boots of Lesser Demons {Dex+7}
Stlth   ..........              E - amulet "Xoim" {Reflect MP+9 SH+5}
HPRegen 0.42/turn               L - ring of flight
MPRegen 0.27/turn               H - ring "Nuem Zou" {Will+ rCorr Str+6}

@: paralysed, lethally poisoned (-6 -> -16), flying, studying Long Blades,
lightly drained
A: walk on water
}: 2/15 runes: decaying, gossamer
a: Renounce Religion, Smiting, Recall Orcish Followers, Give Item to Named
Follower


You were on level 1 of the Depths.
You worshipped Beogh.
Beogh was extremely pleased with you.
You visited 7 branches of the dungeon, and saw 35 of its levels.
You also visited: Ossuary, Bailey and Ice Cave.

You collected 6019 gold pieces.
You spent 162 gold pieces at shops.


   Skills:
 - Level 24.1 Fighting
 - Level 18.0 Axes
 + Level 5.1 Throwing
 - Level 22.1 Armour
 - Level 2.4 Dodging
 - Level 1.5 Stealth
 * Level 10.6 Shields
 + Level 15.3 Invocations


You had 19 spell levels left.
You didn't know any spells.
Your spell library contained the following spells:

 Spells                   Type           Power      Damage    Failure   Level
 Apportation              Tloc           0%         N/A       69%         1
 Beastly Appendage        Tmut           0%         N/A       69%         1
 Magic Dart               Conj           0%         1d3       69%         1
 Necrotise                Necr           0%         1d4       69%         1
 Sandblast                Erth           0%         2d4       69%         1
 Summon Small Mammal      Summ           0%         N/A       69%         1
 Ensorcelled Hibernation  Hex/Ice        0%         N/A       83%         2
 Passwall                 Tmut/Erth      0%         N/A       83%         2
 Scorch                   Fire           0%         2d5       83%         2
 Searing Ray              Conj           0%         2d4       83%         2
 Static Discharge         Conj/Air       0%         3-3/arc   83%         2
 Sublimation of Blood     Necr           0%         N/A       83%         2
 Wereblood                Tmut           0%         N/A       83%         2
 Call Canine Familiar     Summ           0%         N/A       96%         3
 Dazzling Flash           Conj/Hex       0%         N/A       96%         3
 Frozen Ramparts          Ice            0%         1d8       96%         3
 Spider Form              Tmut/Pois      0%         N/A       96%         3
 Stone Arrow              Conj/Erth      0%         3d7       96%         3
 Summon Guardian Golem    Hex/Summ       0%         N/A       96%         3
 Airstrike                Air            0%         2d(0-16)  100%        4
 Animate Dead             Necr           0%         N/A       100%        4
 Cause Fear               Hex            0%         N/A       100%        4
 Dispel Undead            Necr           0%         3d6       100%        4
 Flame Wave               Conj/Fire      0%         2d4       100%        4
 Fulminant Prism          Conj/Hex       0%         3d6       100%        4
 Ice Form                 Ice/Tmut       0%         N/A       100%        4
 Iskenderun's Mystic Bla  Conj/Tloc      0%         2d3       100%        4
 Leda's Liquefaction      Hex/Erth       0%         N/A       100%        4
 Sticky Flame             Conj/Fire      0%         2d3       100%        4
 Summon Ice Beast         Ice/Summ       0%         N/A       100%        4
 Summon Lightning Spire   Summ/Air       0%         N/A       100%        4
 Fireball                 Conj/Fire      0%         3d3       100%        5
 Iskenderun's Battlesphe  Conj           0%         2d6       100%        5
 Lee's Rapid Deconstruct  Erth           0%         3d5*      100%        5
 Lightning Bolt           Conj/Air       0%         1d11      100%        5
 Summon Mana Viper        Hex/Summ       0%         N/A       100%        5
 Conjure Ball Lightning   Conj/Air       0%         3x3d6     100%        6
 Simulacrum               Ice/Necr       0%         N/A       100%        6
 Starburst                Conj/Fire      0%         6d3       100%        6
 Statue Form              Tmut/Erth      0%         N/A       100%        6
 Summon Cactus Giant      Summ           0%         N/A       100%        6
 Dragon Form              Tmut           0%         N/A       100%        7
 Haunt                    Necr/Summ      0%         N/A       100%        7
 Monstrous Menagerie      Summ           0%         N/A       100%        7
 Orb of Destruction       Conj           0%         9d5       100%        7
 Summon Hydra             Summ           0%         N/A       100%        7
 Discord                  Hex            0%         N/A       100%        8
 Disjunction              Tloc           0%         N/A       100%        8
 Ignition                 Fire           0%         3d3       100%        8
 Infestation              Necr           0%         N/A       100%        8
 Maxwell's Capacitive Co  Air            0%         ∞         100%        8
 Dragon's Call            Summ           0%         N/A       100%        9

Inventory:

Hand Weapons
 t - a +4 broad axe of protection
   (You bought it in a shop on level 2 of the Orcish Mines)
 J - a +7 broad axe of flaming (weapon)
   (You took it off a hell knight on level 4 of the Vaults)
Missiles
 p - 48 poisoned darts (quivered)
 x - 15 boomerangs
 Y - 5 silver javelins
Armour
 e - a +2 cloak (worn)
   (You found it on level 1 of the Dungeon)
 n - a +0 buckler (worn)
   (You found it on level 2 of the Dungeon)
 A - a +2 pair of gloves of strength (worn)
   (You found it on level 2 of the Spider Nest)
 G - the +4 chain mail "Bomm" (worn) {rC+ rCorr Str+3}
   (You found it on level 4 of the Lair of Beasts)

   Str:       It affects your strength (+3).
   rC:        It protects you from cold.
   rCorr:     It protects you from acid and corrosion.
 I - a +2 helmet (worn)
   (You found it on level 5 of the Lair of Beasts)
 R - the +0 troll leather armour of Yredelemnul {+Inv Regen+ Slay+3 Stlth+}
   (You found it on level 1 of the Depths)

   Slay:      It affects your accuracy & damage with ranged weapons and melee
   (+3).
   +Inv:      It lets you turn invisible.
   Regen:     It increases your rate of health regeneration.
   Stlth:     It makes you more stealthy.
 T - the +2 pair of boots of Lesser Demons (worn) {Dex+7}
   (You found it on level 2 of the Vaults)

   Dex:       It affects your dexterity (+7).
Jewellery
 g - an amulet of regeneration
   (You found it on level 14 of the Dungeon)
 E - the amulet "Xoim" (around neck) {Reflect MP+9 SH+5}
   (You found it in an ice cave)

   [amulet of reflection]

   It reflects blocked missile attacks.
   MP:        It affects your magic capacity (+9).
   SH:        It affects your SH (+5).
 H - the ring "Nuem Zou" (right hand) {Will+ rCorr Str+6}
   (You took it off a vampire on level 11 of the Dungeon)

   [ring of strength]

   Str:       It affects your strength (+6).
   rCorr:     It protects you from acid and corrosion.
   Will:      It increases your willpower.
 L - a ring of flight (left hand)
   (You found it on level 4 of the Dungeon)
 P - a ring of poison resistance
   (You found it on level 5 of the Dungeon)
 U - the amulet "Qikohe" {Acrobat rPois rC+ Str+3}
   (You found it in an ice cave)

   [amulet of the acrobat]

   It increases your evasion while moving and waiting.
   Str:       It affects your strength (+3).
   rC:        It protects you from cold.
   rPois:     It protects you from poison.
Wands
 j - a wand of iceblast (11)
   (You found it on level 5 of the Lair of Beasts)
 r - a wand of digging (4)
   (You found it on level 1 of the Lair of Beasts)
 K - a wand of light (31)
   (You found it on level 3 of the Lair of Beasts)
 Z - a wand of flame (78)
   (You found it on level 7 of the Dungeon)
Scrolls
 d - 3 scrolls of enchant armour
 h - a scroll of poison {!r}
 i - 4 scrolls of fear
 m - 3 scrolls of magic mapping {!r}
 q - 21 scrolls of teleportation {@r4}
 u - 9 scrolls of fog
 w - 10 scrolls of identify {@r1}
 y - 4 scrolls of vulnerability {!r!r}
 z - 6 scrolls of immolation {!r!r}
 B - 2 scrolls of summoning
 V - a scroll of torment {!r}
 X - 4 scrolls of blinking {!r}
Potions
 a - 10 potions of cancellation
 b - 9 potions of magic
 c - 13 potions of ambrosia
 k - 11 potions of attraction {!q}
 l - 9 potions of haste {@q3}
 o - 19 potions of curing {@q1}
 s - 5 potions of heal wounds {@q2}
 C - 5 potions of might
 D - 9 potions of brilliance
 F - 3 potions of resistance
 M - 3 potions of berserk rage {!q}
 Q - 9 potions of mutation {!q}
 W - 6 potions of lignification {!q}
Miscellaneous
 f - a phial of floods
   (You found it on level 2 of the Spider Nest)
 v - a box of beasts
   (You found it on level 5 of the Lair of Beasts)
 O - a phantom mirror
   (You found it on level 1 of the Vaults)
 S - a condenser vane
   (You found it on level 10 of the Dungeon)

Dungeon Overview and Level Annotations

Branches:
Dungeon (15/15) Zot: 25189  Temple (0/1) D:4            Lair (5/5) D:11 Zot: 24752
  Swamp (4/4) Lair:2 Zot: 18281  Spider (4/4) Lair:3 Zot: 17643   Slime (0/5) Lair:4
    Orc (2/2) D:11 Zot: 10718     Elf (0/3) Orc:2        Vaults (4/5) D:14 Zot: 15166
  Crypt (0/3) Vaults:3     Depths (1/4) D:15 Zot: 4868 Ossuary (visited)
 Bailey (visited)           IceCv (visited)

Altars:
Ashenzari
Cheibriados
Elyvilon
Fedhas
Qazlal
Ru
Xom
Yredelemnul
Zin
Jiyva

Shops:
D:4 =   D:9 *   D:11 (   D:13 (   Orc:2 ?(?(   Vaults:1 ?   Vaults:4 ?

Portals:
Hell: Depths:1
Abyss: Depths:1

Annotations:
D:10 3 runed translucent doors, Yogidamonk's ghost, novice MiHu
D:11 1 runed translucent door
Lair:2 1 runed translucent door, exclusion: oklob plant, Ystrif's ghost, journeyman MiBe
Lair:4 exclusion: 5 oklob plants
Depths:1 Sojobo

..############
......>......# ....
.............# ....
.....[.......# .....
.............# .>...
.............# ......
.............#####....C.
............oo..o.......
...............o@(Q.C...
...............oQG.....
..............oQ......
.....................
....................
..................^
...................
.................


You could see Sojobo (repels missiles, ally target), a frost giant, a stone
giant, 2 tengu reavers, a floating eye, the friendly Arbolt the orc warlord
(strong, poisoned, drained), the friendly Blodwig the orc warlord (strong), the
friendly Nordag the orc warlord (strong), the friendly Ogrik the orc warlord
(strong), the friendly Orik the orc warlord (strong) and the friendly Borgun the
orc knight (strong, poisoned).


Message History

That's the wrong kind of item! (Use * to select it.) Evoke which item? (* to show all) (? for menu, Esc to quit)
Okay, then.
Aiming: Iceblast
Press: ? - help, Shift-Dir - straight line The mass of ice explodes!
The iceblast engulfs Sojobo!
The iceblast engulfs the stone giant!
You hear a bellow!
A tengu reaver comes into view. It is wielding a +1 halberd of flaming.
Orik shoots a bolt.
The bolt hits the stone giant!
Borgun shoots a bolt.
The bolt hits the stone giant!!
The stone giant throws a large rock.
The large rock hits you!! 😕 HP[-32]
You take 32 damage, and now have 174/206 hp.
Okay, then.
Aiming: Iceblast
Press: ? - help, Shift-Dir - straight line, f - Sojobo
Aim: Sojobo, wielding a +1 great sword of electrocution and wearing a +4 scale mail of poison resistance (lightly wounded, repelling missiles)
The mass of ice explodes!
The iceblast engulfs Sojobo!
The iceblast engulfs the stone giant.
The iceblast engulfs the tengu reaver!
The tengu reaver shouts!
Sojobo waves her feathered arms in wide circles.
The air twists around and strikes you!!
Orik shoots a bolt.
The bolt hits the stone giant!
Borgun shoots a bolt.
The bolt hits the stone giant!
Nordag shoots a bolt.
The bolt hits the stone giant.
The tengu reaver casts a spell at you. The bolt of lightning hits you!!
The bolt of lightning hits Borgun!! 😮 HP[-51]
You take 51 damage, and now have 123/206 hp.
MASSIVE DAMAGE!! (PAUSE)
A floating eye comes into view.
Found a stone staircase leading down.
The floating eye turns its gaze towards you.
Borgun shoots a bolt.
The bolt closely misses Sojobo.
The tengu reaver blocks the bolt.
The stone giant throws a large rock.
The large rock hits you!!!
* * * LOW HITPOINT WARNING * * *
The floating eye seems to glare at you.
You hear a bellow! 😨 HP[-39]
You take 39 damage, and now have 84/206 hp.
Unknown command.
A frost giant comes into view.
It is wielding a +0 battleaxe of freezing.
The frost giant shouts!
The tengu reaver hits you but does no damage.
Sojobo waves her feathered arms in wide circles.
The air twists around and strikes you.
You hit Sojobo but do no damage. You hit the stone giant.
You burn the stone giant.
Arbolt hits Sojobo with the +5 demon trident of Liumob {freeze, Int+4}!!!
Arbolt freezes Sojobo! 😨 HP[+1]
You closely miss Sojobo. You hit the stone giant. You burn the stone giant.
You kill the stone giant!
Beogh accepts your kill.
The tengu reaver gestures at you while chanting.
The bolt of poison hits Arbolt!!
Arbolt is poisoned.
The bolt of poison hits you but does no damage.
You are poisoned.
The tengu reaver points at you and mumbles some strange words.
The bolt of fire hits you!
* * * LOW HITPOINT WARNING * * *
The bolt of fire hits Orik!!!
The bolt of fire hits Borgun!!!
Sojobo hits you with a +1 great sword of electrocution!
* * * LOW HITPOINT WARNING * * *
You are electrocuted!!
* * * LOW HITPOINT WARNING * * *
Sojobo pecks you but does no damage. Sojobo claws you but does no damage.
A stone giant comes into view.
Arbolt completely misses Sojobo. 😱 HP[-43]
You take 43 damage, and now have 42/206 hp.
MASSIVE DAMAGE!! (PAUSE)
You feel better.
Arbolt blocks the tengu reaver's attack. x2
The tengu reaver claws Arbolt.
The tengu reaver casts a spell at you. The bolt of poison hits you!!
You are poisoned.
* * * LOW HITPOINT WARNING * * *
The bolt of poison hits Borgun!!
Borgun is poisoned.
Sojobo hits you but does no damage. Sojobo pecks you but does no damage.
Sojobo claws you but does no damage.
The floating eye gazes piercingly through you!
You suddenly lose the ability to move!
Orik shoots a bolt.
The bolt completely misses the tengu reaver.
Nordag unwields a +0 arbalest.
Nordag wields the +5 glaive "Naong" {pain, rElec rPois}.
Nordag hits Sojobo with the +5 glaive "Naong" {pain, rElec rPois}!!
Sojobo writhes in agony.
The tengu reaver blocks Arbolt's attack.
You feel very sick. The tengu reaver casts a spell at you.
The bolt of negative energy hits Arbolt!!
Arbolt is drained!
The bolt of negative energy hits you!!
You feel drained.
You die...

Skill      XL: |  1  2  3  4  5  6  7  8  9 10 11 12 13 14 15 16 17 18 19 |
---------------+----------------------------------------------------------+-----
Armour         | 1 2 3 4 6 7 8 10 11 13 14 15 17 19 21 22 | 22.1
Fighting       | 4 5 6 7 9 10 11 13 14 15 17 19 21 23 24 | 24.1
Axes           | 5 6 7 8 10 11 13 14 15 17 18 | 18.0
Shields        | 2 3 4 5 7 8 10 | 10.6
Invocations    | 4 7 10 12 14 15 | 15.3
Throwing       | 5 |  5.1
Dodging        | |  2.4
Stealth        | |  1.5

Action                   |  1- 3 |  4- 6 |  7- 9 | 10-12 | 13-15 | 16-18 | 19-21 || total
-------------------------+-------+-------+-------+-------+-------+-------+-------++-------
Melee: War axe           |    79 |     5 |       |       |   258 |   258 |       ||   600
       Hand axe          |     1 |    80 |   311 |   391 |   480 |       |       ||  1263
       Broad axe         |       |       |       |       |       |   611 |   214 ||   825
Throw: Dart              |       |       |     4 |       |       |       |       ||     4
       Stone             |       |       |     1 |       |       |       |       ||     1
       Boomerang         |       |       |       |       |     1 |       |     2 ||     3
       Javelin           |       |       |       |       |       |       |     1 ||     1
Invok: Convert to Beogh  |       |       |     1 |       |       |       |       ||     1
       Recall Orcish Fol |       |       |       |     7 |     7 |    10 |     5 ||    29
       Smiting           |       |       |       |     5 |    10 |     9 |    13 ||    37
       Give Item to Name |       |       |       |       |       |     2 |     4 ||     6
       Resurrection      |       |       |       |       |       |     1 |     1 ||     2
Evoke: Wand              |       |       |     4 |     2 |       |     2 |     3 ||    11
       Condenser vane    |       |       |       |       |     1 |       |     2 ||     3
       Phantom mirror    |       |       |       |       |       |       |     1 ||     1
  Use: Scroll            |     5 |     1 |     9 |     5 |    10 |     6 |     4 ||    40
       Potion            |       |       |     3 |     4 |     4 |     4 |     3 ||    18
 Stab: Sleeping          |     4 |     1 |       |       |       |       |       ||     5
       Distracted        |       |       |       |     3 |    11 |    13 |     5 ||    32
       Confused          |       |       |       |     1 |       |       |     2 ||     3
Armor: Robe              |    20 |    15 |       |       |       |       |       ||    35
       Chain mail        |       |    34 |   118 |   109 |   433 |   572 |   125 ||  1391
       Plate armour      |       |       |       |    54 |    42 |       |       ||    96
Dodge: Dodged            |    47 |    53 |    99 |   156 |   288 |   257 |    61 ||   961
Block: Buckler           |       |    25 |    55 |   104 |   218 |   432 |   113 ||   947
       Reflection        |       |       |       |       |     3 |    25 |    15 ||    43

Levels and vault maps discovered:
D:1:      dpeg_arrival_orchard, layout_loops_ring,
          hellmonk_ecumenical_altar_crossroads, eino_curves_04
D:2:      layout_loops_ring, basic_altar
D:3:      layout_loops_corners, general_overflow_altar, old_standard_altar
D:4:      layout_basic, gammafunk_temple_overflow_pools,
          minmay_temple_entry_antechambers, serial_shops, nicolae_stop_n_shop_1,
          enter_ossuary_1, reono_crystal_passage
D:5:      layout_basic
D:6:      layout_cave_pools
D:7:      layout_cave_pools, cheibrodos_worm_habitat, kennysheep_little_box,
          chequers_serial_rivers_large_b, uniq_crazy_yiuf_cottage, uniq_pikel
D:8:      layout_loops_ring, pf_just_have_faith, xom_confusion_cloud,
          enter_bailey_2
D:9:      minmay_angry_zag, layout_stronghold, serial_shops, shop,
          grunt_ministairs_9
D:10:     layout_loops_cross, gammafunk_ghost_ooze
D:11:     dragon1_lemuel, layout_long_grid, dpeg_lair_monsters, orc_david_3,
          muffindrake_ghost_dual_entry, uniq_lodul
D:12:     layout_gridville
D:13:     nrook_guardian_serpent_snake_passage, layout_basic, serial_shops,
          nicolae_diamond_shop, chequers_serial_rivers_micro_e,
          nicolae_qazlal_style_of_elements
D:14:     layout_roguey, david_vaults_1, solitary_fountain,
          dreamdust_princess_bridge
D:15:     grunt_enter_depths_hoard, layout_loops_ring, lemuel_doored_altar,
          minmay_joined_circles, uniq_jorgrun
Lair:1:   layout_regular_city, kennysheep_rathole, grunt_megastairs_3
Lair:2:   layout_misc_corridors, swamp_mist, ebering_ghost_funeral_grove
Lair:3:   layout_chaotic_city, spider_nest_entry_a, uniq_fannar
Lair:4:   layout_cellular_growth, minmay_slime_entry_oklob_enclosed
Lair:5:   evilmike_catoblepas_cave, layout_gridlike, nicolae_lair_yak_garden,
          wad_woods_river_01
Swamp:1:  layout_falls_marsh, portal_ice_cave_entry_frozen_things,
          nicolae_swamp_ascending_descending, swamp_pool2,
          hangedman_swamp_grove, uniq_donald
Swamp:2:  layout_falls_marsh, nicolae_swamp_small_spring, uniq_roxanne
Swamp:3:  layout_basic_swamp, serial_swamp_ruin, evilmike_swamp_ruin_house_4,
          evilmike_swamp_ruin_rubble_2, hangedman_swamp_ruin_hall
Swamp:4:  swamp_fiery, layout_basic_swamp, swamp_pool1,
          infiniplex_staircase_pool, uniq_aizul
Spider:1: layout_spider_delve, hangedman_spider_tarantella_strand
Spider:2: layout_spider_delve, uniq_mlioglotl, uniq_arachne
Spider:3: layout_chambers
Spider:4: grunt_spider_rune_circles, nicolae_spider_rock_and_or_roll
Orc:1:    layout_caves, uniq_erica
Orc:2:    st_orc_rangers, layout_caves, nicolae_orc_tapped_out, uniq_snorg,
          uniq_saint_roka
Vaults:1: hangedman_vaults_slice, ontoclasm_vaults_ring_small,
          nicolae_vaults_yaktaur_gun_rack, nicolae_vaults_disjoint_gnomons,
          vaults_room_semicircle, v_misc_13,
          hangedman_vaults_stretched_pinwheel,
          nicolae_vaults_network_quinsquares
          [nicolae_vaults_network_quincunx_subvault,
          nicolae_vaults_network_quincunx_subvault,
          nicolae_vaults_network_quincunx_subvault,
          nicolae_vaults_network_quincunx_subvault], hangedman_vaults_corner,
          vaults_room_fancy_cross, vaults_dpeg_cross, v_alt_pattern_6,
          st_lattice, nicolae_vaults_little_squares_4,
          nicolae_vaults_angled_halls, layout_vaults_omnibox, serial_shops, shop
Vaults:2: hangedman_vaults_maws, st_octagons_2, vaults_dpeg_ring,
          nicolae_vaults_inception_scallops, hangedman_vaults_slice,
          vaults_room_boxed, vaults_room_corners, hangedman_vaults_snaps,
          v_misc_2, ontoclasm_vaults_decontamination,
          nicolae_vaults_angled_halls, nicolae_vaults_little_squares_6,
          layout_vaults_maze
Vaults:3: dpeg_vaults_monster_box, v_misc_13, ontoclasm_vaults_chip, v_misc_10,
          v_misc_2, ontoclasm_vaults_ligature, vaults_dpeg_diagonal,
          vaults_mumra_hex, layout_vaults_omnigrid
Vaults:4: v_rooms_5, vaults_room_semicircle, grunt_vaults_twisty,
          hangedman_vaults_restitches, nicolae_vaults_alarming, v_misc_12,
          v_misc_15, grunt_vaults_funnel, dpeg_vaults_hating_casters,
          vaults_room_hallway, nicolae_vaults_little_squares_4,
          nicolae_vaults_little_ls, v_misc_22, layout_vaults_ring, serial_shops,
          shop, uniq_mennas, uniq_margery
Depths:1: layout_forbidden_donut, serial_sigils_hangedman_etch, hellmouth_2,
          abyss_entry_crystal, minmay_statues_item, kennysheep_generic_room_10,
          uniq_asterion, uniq_sojobo

Notes
Turn   | Place    | Note
-------+----------+-------------------------------------------
     0 | D:1      | spiderkeys the Hill Orc Monk began the quest for the Orb.
     0 | D:1      | Reached XP level 1. HP: 19/19 MP: 1/1
     0 | D:1      | magus.rc [v1.11.3]
   156 | D:1      | You pick up a book of Blood and begin reading...
   156 | D:1      | You add the spells Sublimation of Blood, Wereblood and
                  | Summon Hydra to your library.
   163 | D:1      | Found a faded altar of an unknown god.
   255 | D:1      | Reached XP level 2. HP: 21/27 MP: 2/2
   342 | D:1      | Reached skill level 1 in Armour
   716 | D:1      | Reached skill level 4 in Fighting
  1044 | D:2      | Reached XP level 3. HP: 33/33 MP: 3/3
  1151 | D:2      | Found a white marble altar of Elyvilon.
  1761 | D:3      | Reached XP level 4. HP: 41/41 MP: 4/4
  1763 | D:3      | Reached skill level 2 in Armour
  1857 | D:3      | Reached skill level 5 in Axes
  1871 | D:3      | You fall into a shaft and drop 3 floors!
  1894 | D:6      | Noticed an ice beast
  1907 | D:6      | Killed an ice beast
  1908 | D:6      | Reached skill level 5 in Fighting
  1908 | D:6      | Reached skill level 2 in Shields
  1908 | D:6      | Reached XP level 5. HP: 37/48 MP: 5/5
  1916 | D:5      | Entered Level 5 of the Dungeon
  1984 | D:5      | Noticed a black bear
  2098 | D:4      | Found a staircase to the Ecumenical Temple.
  2114 | D:4      | Reached skill level 3 in Armour
  2176 | D:4      | Reached XP level 6. HP: 48/56 MP: 6/6
  2192 | D:4      | Found a sand-covered staircase.
  2250 | D:4      | Found Feyk's Jewellery Shop.
  2255 | Ossuary  | Entered an ossuary
  2283 | Ossuary  | HP: 13/56 [elf zombie (6)]
  2285 | Ossuary  | Reached skill level 6 in Axes
  2288 | Ossuary  | Reached skill level 3 in Shields
  2288 | Ossuary  | Reached XP level 7. HP: 15/62 MP: 7/7
  2773 | D:4      | Reached skill level 4 in Armour
  2928 | D:4      | Reached skill level 6 in Fighting
  3040 | D:4      | You pick up a book of Scorching and begin reading...
  3040 | D:4      | You add the spells Scorch, Flame Wave and Summon Cactus
                  | Giant to your library.
  3205 | D:4      | Became a worshipper of Beogh the Brigand
  3205 | D:4      | Reached * piety under Beogh
  3205 | D:4      | Reached ** piety under Beogh
  3297 | D:4      | Found a sacrificial altar of Ru.
  3297 | D:4      | Found a basalt altar of Yredelemnul.
  3595 | D:3      | You pick up a book of Callings and begin reading...
  3595 | D:3      | You add the spells Summon Small Mammal, Call Canine
                  | Familiar and Summon Guardian Golem to your library.
  3614 | D:3      | Found a glowing silver altar of Zin.
  3986 | D:3      | Found a blossoming altar of Fedhas.
  4395 | D:5      | Reached skill level 7 in Axes
  4395 | D:5      | Reached skill level 4 in Shields
  4485 | D:5      | Reached XP level 8. HP: 57/71 MP: 8/8
  4689 | D:5      | Reached skill level 5 in Armour
  4839 | D:5      | Identified a scroll of acquirement
  4840 | D:5      | Acquired 1063 gold pieces
  5478 | D:6      | Reached skill level 7 in Fighting
  5755 | D:6      | Identified the +2 dagger of Febbemep {venom, rF- rC+ Dex+2}
  5971 | D:6      | Reached skill level 5 in Shields
  6112 | D:6      | Reached skill level 8 in Axes
  6358 | D:7      | Noticed Pikel
  6371 | D:7      | Killed Pikel
  6372 | D:7      | Reached skill level 6 in Armour
  6372 | D:7      | Reached XP level 9. HP: 72/81 MP: 9/9
  6448 | D:7      | Reached skill level 8 in Fighting
  6448 | D:7      | Reached skill level 6 in Shields
  6560 | D:7      | Reached skill level 9 in Axes
  6640 | D:7      | Reached *** piety under Beogh
  6915 | D:7      | Found a broken altar of Ashenzari.
  6925 | D:7      | Reached skill level 7 in Armour
  7187 | D:7      | Found a runed translucent door.
  7188 | D:7      | Noticed Crazy Yiuf
  7540 | D:7      | Found a snail-covered altar of Cheibriados.
  7643 | D:7      | Killed Crazy Yiuf
  7734 | D:8      | Reached skill level 9 in Fighting
  7734 | D:8      | Reached skill level 7 in Shields
  7740 | D:8      | Reached skill level 10 in Axes
  7740 | D:8      | Reached XP level 10. HP: 68/91 MP: 10/10
  7908 | D:8      | Noticed a two-headed ogre
  7913 | D:8      | Killed a two-headed ogre
  7919 | D:8      | Reached skill level 8 in Armour
  7934 | D:8      | Found a flagged portal.
  8108 | Bailey   | Entered a bailey
  8253 | Bailey   | Noticed an orc knight
  8261 | Bailey   | Killed an orc knight
  8261 | Bailey   | Reached **** piety under Beogh
  8262 | Bailey   | Reached skill level 8 in Shields
  8262 | Bailey   | Reached skill level 1 in Invocations
  8673 | D:8      | You pick up a book of Beasts and begin reading...
  8673 | D:8      | You add the spells Summon Ice Beast, Summon Mana Viper and
                  | Monstrous Menagerie to your library.
  8954 | D:8      | Found a stormy altar of Qazlal.
  9088 | D:8      | Reached skill level 2 in Invocations
  9115 | D:8      | Found a shimmering altar of Xom.
  9239 | D:8      | Reached skill level 10 in Fighting
  9360 | D:9      | Reached skill level 11 in Axes
  9360 | D:9      | Reached skill level 3 in Invocations
  9458 | D:9      | HP: 22/94 [orc warrior/+0 halberd (5)]
  9459 | D:9      | Gained Gorg as an ally
  9460 | D:9      | Reached skill level 4 in Invocations
  9962 | D:9      | Reached XP level 11. HP: 79/101 MP: 14/14
  9968 | D:9      | Reached skill level 9 in Armour
 10059 | D:9      | Found Ofisaodae's General Store.
 10073 | D:9      | Bought a potion of degeneration for 13 gold pieces
 10315 | D:9      | You pick up a book of Cantrips and begin reading...
 10315 | D:9      | You add the spells Necrotise and Apportation to your
                  | library.
 10627 | D:10     | Entered Level 10 of the Dungeon
 10697 | D:10     | Reached skill level 5 in Invocations
 10818 | D:10     | Found a runed translucent gate.
 10818 | D:10     | Found a runed translucent gate.
 10819 | D:10     | Found a runed translucent gate.
 10820 | D:10     | Noticed Yogidamonk's ghost (novice MiHu)
 11084 | D:10     | Reached ***** piety under Beogh
 11296 | D:10     | Found a viscous altar of Jiyva.
 11339 | D:11     | Noticed a death yak
 11340 | D:11     | Found a staircase to the Lair.
 11340 | D:11     | Noticed a death yak
 11341 | D:11     | Noticed a death yak
 11341 | D:11     | Noticed a death yak
 11342 | D:11     | Noticed a death yak
 11347 | D:11     | Killed a death yak
 11348 | D:11     | Reached skill level 11 in Fighting
 11348 | D:11     | Killed a death yak
 11351 | D:11     | Killed a death yak
 11352 | D:11     | Reached skill level 12 in Axes
 11354 | D:11     | Killed a death yak
 11355 | D:11     | Reached skill level 6 in Invocations
 11358 | D:11     | Killed a death yak
 11513 | D:11     | Found Iryeh's Weapon Emporium.
 11516 | D:11     | Found a staircase to the Orcish Mines.
 11551 | D:11     | Noticed Lodul
 11555 | D:11     | Killed Lodul
 11557 | D:11     | Your ally Gorg died
 11568 | D:11     | Reached skill level 10 in Armour
 11721 | D:11     | Noticed a cyclops
 11728 | D:11     | Killed a cyclops
 11729 | D:11     | Reached skill level 7 in Invocations
 11797 | D:11     | Noticed a two-headed ogre
 11800 | D:11     | Killed a two-headed ogre
 11896 | D:11     | Noticed a cyclops
 11900 | D:11     | Killed a cyclops
 11948 | D:11     | Found a runed translucent door.
 11949 | D:11     | Noticed a stone giant
 11949 | D:11     | Noticed a lich
 11949 | D:11     | Noticed a frost giant
 11950 | D:11     | Noticed a skeletal warrior
 11953 | D:11     | Noticed purpskrrrp's ghost (journeyman OpEn)
 11957 | D:11     | Found a runed translucent door.
 12146 | D:11     | Noticed a necromancer
 12148 | D:11     | Identified the ring "Nuem Zou" {Will+ rCorr Str+6}
 12254 | D:11     | Noticed a boulder beetle
 12271 | D:11     | Killed a boulder beetle
 12356 | D:11     | Noticed a fire dragon
 12368 | D:11     | Killed a fire dragon
 12369 | D:11     | Reached skill level 13 in Axes
 12369 | D:11     | Reached XP level 12. HP: 92/112 MP: 17/17
 12506 | D:11     | Reached skill level 12 in Fighting
 12676 | D:12     | Noticed a centaur warrior
 12676 | D:12     | Noticed a two-headed ogre
 12685 | D:12     | Killed a two-headed ogre
 12686 | D:12     | Reached skill level 8 in Invocations
 12687 | D:12     | Killed a centaur warrior
 13108 | D:12     | Noticed a two-headed ogre
 13117 | D:12     | Killed a two-headed ogre
 13508 | D:12     | You pick up a book of Lightning and begin reading...
 13508 | D:12     | You add the spells Static Discharge, Lightning Bolt and
                  | Maxwell's Capacitive Coupling to your library.
 13800 | Lair:1   | Entered Level 1 of the Lair of Beasts
 13813 | Lair:1   | Noticed an eight-headed hydra
 13818 | Lair:1   | Killed an eight-headed hydra
 13819 | Lair:1   | Reached skill level 11 in Armour
 13862 | Lair:1   | Gained Warbeogh as an ally
 13940 | Lair:1   | Reached skill level 9 in Invocations
 14586 | Lair:1   | Identified the +9 dagger "Yhival" {vorpal, rF+ Str+4}
 14885 | Lair:2   | Reached skill level 14 in Axes
 14974 | Lair:2   | Reached skill level 13 in Fighting
 14994 | Lair:2   | Reached skill level 10 in Invocations
 15064 | Lair:2   | Found a staircase to the Swamp.
 15089 | Lair:2   | You pick up a book of Chaos and begin reading...
 15089 | Lair:2   | You add the spells Conjure Ball Lightning, Disjunction and
                  | Discord to your library.
 15177 | Lair:2   | Gained Arbolt as an ally
 15180 | Lair:2   | Reached XP level 13. HP: 122/122 MP: 20/20
 15375 | Lair:2   | Found a runed translucent door.
 15378 | Lair:2   | Noticed Ystrif's ghost (journeyman MiBe)
 15386 | Lair:2   | Identified the +11 spear of Duty {pain, Str+4 Stlth-}
 15582 | Lair:3   | Noticed Fannar
 15589 | Lair:3   | Killed Fannar
 15600 | Lair:3   | Found a hole to the Spider Nest.
 15643 | Lair:3   | You pick up a book of the Spheres and begin reading...
 15643 | Lair:3   | You add the spells Iskenderun's Battlesphere, Fireball and
                  | Orb of Destruction to your library.
 15657 | Lair:3   | Identified the +3 leather armour "Qakyjoud" {rF+ rC+ rN+}
 15818 | Lair:3   | You pick up a book of Conjurations and begin reading...
 15818 | Lair:3   | You add the spells Magic Dart, Searing Ray and Fulminant
                  | Prism to your library.
 16258 | Lair:4   | Reached skill level 12 in Armour
 16400 | Lair:4   | Reached skill level 11 in Invocations
 16573 | Lair:4   | Reached skill level 15 in Axes
 16821 | Lair:4   | Found a viscous altar of Jiyva.
 16821 | Lair:4   | Found a staircase to the Slime Pits.
 16993 | Lair:4   | Reached skill level 14 in Fighting
 16995 | Lair:4   | Reached ****** piety under Beogh
 17312 | Lair:4   | Identified the +4 chain mail "Bomm" {rC+ rCorr Str+3}
 17337 | Lair:4   | You pick up a book of Storms and begin reading...
 17337 | Lair:4   | You add the spells Airstrike and Summon Lightning Spire to
                  | your library.
 17584 | Lair:5   | Entered Level 5 of the Lair of Beasts
 17689 | Lair:5   | You pick up a book of Changes and begin reading...
 17689 | Lair:5   | You add the spells Beastly Appendage and Spider Form to
                  | your library.
 17737 | Lair:5   | Reached skill level 12 in Invocations
 18110 | Lair:5   | Reached skill level 13 in Armour
 18364 | Lair:5   | Reached XP level 14. HP: 133/133 MP: 23/23
 18380 | Lair:5   | Reached skill level 16 in Axes
 19429 | D:13     | Found Kusuphiw's Antique Weapon Shoppe.
 19504 | D:13     | Found a stormy altar of Qazlal.
 19843 | D:13     | Reached skill level 15 in Fighting
 20481 | D:14     | Reached skill level 13 in Invocations
 20633 | D:14     | Found a gate to the Vaults.
 20918 | D:14     | Found the +4 skin of Zhor {*Englaciate rC+++ SInv}
 21410 | D:15     | Entered Level 15 of the Dungeon
 21593 | D:15     | You pick up a book of Touch and begin reading...
 21593 | D:15     | You add the spells Sticky Flame and Dispel Undead to your
                  | library.
 21978 | D:15     | Identified the +2 robe of Ennui {Dex+4}
 21980 | D:15     | Found a blossoming altar of Fedhas.
 22192 | D:15     | Reached skill level 14 in Armour
 22250 | D:15     | Your ally Warbeogh died
 22259 | D:15     | Reached skill level 17 in Axes
 22281 | D:15     | HP: 32/136 [skeletal warrior/+0 trident (11)]
 22295 | D:15     | Reached skill level 14 in Invocations
 22475 | D:15     | Noticed Jorgrun
 22488 | D:15     | Killed Jorgrun
 22693 | D:15     | Reached XP level 15. HP: 86/143 MP: 25/25
 22694 | D:15     | Found a staircase to the Depths.
 22877 | Orc:1    | Entered Level 1 of the Orcish Mines
 23028 | Orc:2    | Entered Level 2 of the Orcish Mines
 23066 | Orc:2    | Gained Blodwig as an ally
 23084 | Orc:2    | Found a staircase to the Elven Halls.
 23302 | Orc:2    | Reached skill level 16 in Fighting
 23304 | Orc:2    | Noticed Saint Roka
 23320 | Orc:2    | Killed Saint Roka
 23476 | Orc:2    | Found Ties's Weapon Shop.
 23476 | Orc:2    | Found Inwetz's Magic Scroll Shoppe.
 23478 | Orc:2    | Found Gehicin's Weapon Emporium.
 23483 | Orc:2    | Found Hyomoter's Magic Scroll Boutique.
 23515 | Orc:2    | Noticed Snorg
 23531 | Orc:2    | Killed Snorg
 23900 | Orc:1    | Gained Borgoth as an ally
 24050 | Orc:1    | Noticed Erica
 24061 | Orc:1    | Killed Erica
 24129 | Orc:2    | Bought a +0 broad axe for 52 gold pieces
 24242 | D:9      | Bought a scroll of enchant weapon for 97 gold pieces
 24326 | Swamp:1  | Entered Level 1 of the Swamp
 24471 | Swamp:1  | Gained Nordag as an ally
 24492 | Swamp:1  | Found a frozen archway.
 24559 | IceCv    | Entered an ice cave
 24827 | IceCv    | You add the spells Ensorcelled Hibernation, Simulacrum and
                  | Ignition to your library.
 24827 | IceCv    | Got the Spellbook of Scorching Graupel
 24857 | IceCv    | Noticed a golden dragon
 24866 | IceCv    | Killed a golden dragon
 24867 | IceCv    | Reached skill level 15 in Invocations
 24870 | IceCv    | Reached skill level 18 in Axes
 24872 | IceCv    | Reached skill level 15 in Armour
 24884 | IceCv    | Identified the amulet "Qikohe" {Acrobat rPois rC+ Str+3}
 24891 | IceCv    | Identified the amulet "Xoim" {Reflect MP+9 SH+5}
 25357 | Swamp:1  | Noticed Donald
 25364 | Swamp:1  | Killed Donald
 25424 | Swamp:1  | Gained Ogrik as an ally
 25425 | Swamp:1  | Reached skill level 17 in Fighting
 25921 | Swamp:1  | Gained Arbeogh as an ally
 25953 | Swamp:1  | Gained Orik as an ally
 26896 | Swamp:2  | Killed Roxanne
 27107 | Swamp:2  | You pick up a book of Callings and begin reading...
 27202 | Swamp:2  | Reached XP level 16. HP: 142/157 MP: 27/27
 27342 | Swamp:2  | You pick up a book of the Earth and begin reading...
 27342 | Swamp:2  | You add the spells Leda's Liquefaction, Lee's Rapid
                  | Deconstruction and Statue Form to your library.
 27526 | Swamp:3  | Reached skill level 16 in Armour
 27826 | Swamp:3  | Reached skill level 18 in Fighting
 28922 | Swamp:4  | Entered Level 4 of the Swamp
 28936 | Swamp:4  | Noticed Aizul
 28942 | Swamp:4  | Killed Aizul
 29060 | Swamp:4  | You pick up a book of Spectacle and begin reading...
 29060 | Swamp:4  | You add the spells Dazzling Flash, Iskenderun's Mystic
                  | Blast and Starburst to your library.
 29216 | Swamp:4  | Your ally Arbeogh died
 29593 | Swamp:4  | HP: 38/159 [poisoned by a swamp dragon (blast of poison)]
 29596 | Swamp:4  | HP: 18/159 [poisoned by a swamp dragon (blast of poison)]
 29599 | Swamp:4  | Reached skill level 17 in Armour
 29867 | Swamp:4  | Your ally Borgoth died
 30059 | Swamp:4  | Reached skill level 19 in Fighting
 30752 | Swamp:4  | Got a decaying rune of Zot
 30791 | Swamp:4  | Upgraded the game from 0.29-a0-982-gaed3a0c8d8 to
                  | 0.29-a0-993-g4a18f31a58
 30791 | Swamp:4  | magus.rc [v1.11.3]
 30943 | Spider:1 | Entered Level 1 of the Spider Nest
 31548 | Spider:1 | Gained Borgun as an ally
 32505 | Spider:2 | Noticed Mlioglotl
 32506 | Spider:2 | Noticed Arachne
 32513 | Spider:2 | Killed Mlioglotl
 32515 | Spider:2 | Killed Arachne
 32577 | Spider:2 | Reached XP level 17. HP: 162/169 MP: 28/28
 32584 | Spider:2 | Reached skill level 18 in Armour
 32897 | Spider:2 | Identified the +0 ring mail of Virtue {rCorr}
 33322 | Spider:3 | Reached skill level 20 in Fighting
 33527 | Spider:3 | You pick up a book of Scorching and begin reading...
 34363 | Spider:3 | Gained Orkrul as an ally
 35111 | Spider:4 | Entered Level 4 of the Spider Nest
 35795 | Spider:4 | Reached skill level 19 in Armour
 36342 | Spider:4 | Reached skill level 21 in Fighting
 36400 | Spider:4 | magus.rc [v1.11.3]
 36955 | Spider:4 | Got a gossamer rune of Zot
 37500 | D:11     | Killed a lich
 37503 | D:11     | Killed purpskrrrp's ghost
 37633 | Vaults:1 | Entered Level 1 of the Vaults
 37715 | Vaults:1 | Found Adanuq's Magic Scroll Shop.
 37845 | Vaults:1 | Reached XP level 18. HP: 156/182 MP: 29/29
 37956 | Vaults:1 | You pick up a book of Death and begin reading...
 37956 | Vaults:1 | You add the spells Animate Dead, Haunt and Infestation to
                  | your library.
 38294 | Vaults:1 | Reached skill level 20 in Armour
 38465 | Vaults:1 | Reached skill level 22 in Fighting
 39349 | Vaults:1 | Identified the +8 trident "Wueguiqi" {flame, rC+ Dex+2}
 39460 | Vaults:1 | Here: Ogrik the orc warlord, wielding a +1 trident, wearing
                  | the +4 skin of Zhor {*Englaciate rC+++ SInv} and wearing a
                  | +0 kite shield (friendly)
 39982 | Vaults:2 | You pick up a book of Rime and begin reading...
 39982 | Vaults:2 | You add the spells Frozen Ramparts and Ice Form to your
                  | library.
 40080 | Vaults:2 | Identified the +2 pair of boots of Lesser Demons {Dex+7}
 40470 | Vaults:2 | Reached skill level 21 in Armour
 40785 | Vaults:2 | You pick up a book of the Dragon and begin reading...
 40785 | Vaults:2 | You add the spells Cause Fear, Dragon Form and Dragon's
                  | Call to your library.
 41047 | Vaults:3 | Identified the +5 glaive "Naong" {pain, rElec rPois}
 41058 | Vaults:3 | Reached skill level 23 in Fighting
 41317 | Vaults:3 | Aim: Ogrik the orc warlord, wielding a +1 trident, wearing
                  | the +4 skin of Zhor {*Englaciate rC+++ SInv} and wearing a
                  | +0 kite shield (friendly)
 41448 | Vaults:3 | Your ally Arbolt died
 41461 | Vaults:3 | Here: Ogrik the orc warlord, wielding a +1 trident, wearing
                  | the +4 skin of Zhor {*Englaciate rC+++ SInv} and wearing a
                  | +0 kite shield (friendly)
 41613 | Vaults:3 | Reached XP level 19. HP: 107/195 MP: 30/30
 41931 | Vaults:3 | Found a staircase to the Crypt.
 42031 | Vaults:3 | HP: 46/195 [vault warden/+3 vorpal long sword (11)]
 44134 | Vaults:4 | Noticed Margery
 44139 | Vaults:4 | Your ally Borgun died
 44142 | Vaults:4 | Killed Margery
 44145 | Vaults:4 | Reached skill level 22 in Armour
 44148 | Vaults:4 | Reached skill level 24 in Fighting
 44569 | Vaults:4 | Noticed Mennas
 44577 | Vaults:4 | Killed Mennas
 44893 | Vaults:4 | Reached skill level 1 in Throwing
 44973 | Vaults:4 | Reached skill level 2 in Throwing
 44977 | Vaults:4 | Your ally Orkrul died
 45172 | Vaults:4 | Reached skill level 3 in Throwing
 45310 | Vaults:4 | Reached skill level 9 in Shields
 45398 | Vaults:4 | Found Miog Kiu's Magic Scroll Emporium.
 45443 | Vaults:4 | Reached skill level 4 in Throwing
 45768 | Vaults:4 | Identified the +7 rapier of Experimentation {vorpal, +Blink
                  | rF- rN+}
 45778 | Vaults:4 | Identified the ring of the Chupacabra {Contam rCorr MP+9
                  | Int+6 Stlth+}
 46473 | Vaults:4 | magus.rc [v1.11.3]
 46686 | Depths:1 | Entered Level 1 of the Depths
 46694 | Depths:1 | Reached skill level 10 in Shields
 46992 | Depths:1 | Found a gateway to Hell.
 47115 | Depths:1 | Identified the +5 demon trident of Liumob {freeze, Int+4}
 47121 | Depths:1 | Identified the +0 troll leather armour of Yredelemnul {+Inv
                  | Regen+ Slay+3 Stlth+}
 47134 | Depths:1 | Aim: Ogrik the orc warlord, wielding a +1 trident, wearing
                  | the +4 skin of Zhor {*Englaciate rC+++ SInv} and wearing a
                  | +0 kite shield (friendly)
 47187 | Depths:1 | Found a one-way gate to the infinite horrors of the Abyss.
 47219 | Depths:1 | Reached skill level 5 in Throwing
 47234 | Depths:1 | HP: 45/198 [frost giant/+2 battleaxe of freezing (31)]
 47237 | Depths:1 | Reached XP level 20. HP: 28/206 MP: 31/31
 47799 | Depths:1 | You pick up a book of Geomancy and begin reading...
 47799 | Depths:1 | You add the spells Sandblast, Passwall and Stone Arrow to
                  | your library.
 47815 | Depths:1 | Noticed Sojobo
 47821 | Depths:1 | HP: 42/206 [Sojobo/+1 great sword of electrocution (19)]
 47822 | Depths:1 | Paralysed by a floating eye for 3 turns
 47823 | Depths:1 | Killed from afar by a tengu reaver

Vanquished Creatures
  Mennas (Vaults:4)
  Margery (Vaults:4)
  A golden dragon (IceCv)
  Mlioglotl (Spider:2)
  Donald (Swamp:1)
  3 ghost moths
  2 fire giants
  3 emperor scorpions
  A balrug (Depths:1)
  9 vault wardens
  A ghoul (Swamp:3)
  7 ironbound preservers
  4 ironbound thunderhulks (Vaults:3)
  A stone giant (Depths:1)
  4 eleionomae
  3 spark wasps
  2 entropy weavers
  A bunyip (Swamp:1)
  2 crystal guardians (Vaults:3)
  2 fire dragons
  A deep elf high priest (Vaults:3)
  5 yaktaur captains
  A great orb of eyes (Vaults:3)
  3 boulder beetles
  11 hydras
  An ironbound frostheart (Vaults:2)
  7 centaur warriors
  A catoblepas (D:15)
  5 ice dragons (IceCv)
  An ogre mage (Vaults:2)
  2 two-headed ogres
  2 jorogumos
  Erica (Orc:1)
  4 death yaks
  A radroach (Spider:1)
  A tengu warrior (Depths:1)
  4 alligators
  5 spriggans
  5 hell knights (Vaults:4)
  3 skeletal warriors (D:15)
  A fire crab (Swamp:4)
  Lodul (D:11)
  2 goliath frogs (Swamp:3)
  3 pharaoh ants
  2 spriggan druids
  2 swamp dragons
  4 orb spiders
  24 deep trolls
  3 steelbarb worms
  A bog body (Swamp:3)
  An orange crystal statue (IceCv)
  2 wizards
  8 ironbound convokers
  4 lindwurms
  5 necromancers
  3 orc knights
  Pikel (D:7)
  A phantasmal warrior (Vaults:1)
  8 ugly things
  3 deep elf pyromancers
  A will-o-the-wisp (Swamp:2)
  9 wolf spiders
  2 manticores
  An orc sorcerer (Orc:2)
  A frost giant skeleton (Vaults:2)
  2 moths of wrath (Spider:3)
  A cyclops (D:15)
  9 vault sentinels
  2 elephants
  21 yaktaurs
  A cane toad (Lair:5)
  7 storm dragon simulacra (IceCv)
  A hellion (Depths:1)
  2 komodo dragons
  A spark wasp simulacrum (Depths:1)
  A freezing wraith (Swamp:1)
  3 rime drakes
  2 tengu conjurers (Depths:1)
  5 trolls
  A meliai (Spider:4)
  3 golden dragon simulacra (IceCv)
  A polar bear (Lair:5)
  2 tyrant leeches
  2 hornets (Swamp:2)
  6 tarantellas
  A blink frog (Lair:4)
  4 slime creatures
  9 jumping spiders
  10 culicivoras
  A wyvern (D:11)
  12 yaks
  A shadow (D:9)
  2 wraiths
  20 redbacks
  5 steam dragons
  3 vampire mosquitoes (Swamp:1)
  7 swamp worms
  An acid dragon (D:9)
  An ogre skeleton (Vaults:2)
  5 water moccasins
  3 orc warriors
  3 ice beasts
  3 swamp drakes
  6 ice dragon simulacra (IceCv)
  2 black bears
  4 ogres
  3 wolves
  A human skeleton (Vaults:2)
  10 centaurs
  A phantom (D:5)
  2 kobold brigands
  9 bullfrogs
  2 elf zombies (Ossuary)
  A necrophage (D:7)
  A scorpion (D:5)
  5 wights
  5 lindwurm simulacra (IceCv)
  8 killer bees
  7 howler monkeys
  3 orc priests
  4 hounds
  A human zombie (Ossuary)
  Crazy Yiuf (D:7)
  A jelly (D:6)
  2 hell rats (Lair:2)
  4 iguanas
  7 orc wizards
  2 hound zombies (Ossuary)
  4 mummies (Ossuary)
  11 gnolls
  5 adders
  6 river rats (Lair:1)
  3 shadow imps
  4 white imps (D:6)
  An ufetubus (D:4)
  3 worms
  A dart slug (D:2)
  21 orcs
  6 bats
  8 endoplasms
  A giant cockroach (D:2)
  3 goblins (D:2)
  6 hobgoblins
  12 kobolds
  3 quokkas
  8 ball pythons
  6 frilled lizards
  2 goblin zombies (Ossuary)
  A hobgoblin zombie (Ossuary)
  A jackal zombie (Ossuary)
  A kobold zombie (Ossuary)
  2 orc zombies (Ossuary)
  6 rats
588 creatures vanquished.

Vanquished Creatures (collateral kills)
  Saint Roka (Orc:2)
  Arachne (Spider:2)
  Jorgrun (D:15)
  A lich (D:11)
  A sphinx (Depths:1)
  A tengu reaver (Vaults:4)
  Roxanne (Swamp:2)
  A shadow dragon (Vaults:4)
  A vault warden (Vaults:3)
  5 emperor scorpions
  A balrug (Depths:1)
  3 frost giants
  Aizul (Swamp:4)
  3 orc warlords (Vaults:1)
  4 ghouls (Swamp:3)
  A broodmother (Spider:3)
  12 ironbound preservers
  A reaper (Depths:1)
  An ironbound thunderhulk (Vaults:3)
  4 stone giants
  2 very ugly things (Vaults:4)
  An eleionoma (Swamp:3)
  A spark wasp (Spider:2)
  3 entropy weavers
  2 bunyips (Swamp:2)
  A deep elf death mage (Vaults:3)
  2 ettins (Depths:1)
  A quicksilver dragon zombie (Vaults:4)
  4 fire dragons
  A crystal guardian (Vaults:3)
  Snorg (Orc:2)
  2 shambling mangroves
  4 great orbs of eyes
  5 hydras
  A ghost crab (Swamp:1)
  6 yaktaur captains
  Fannar (Lair:3)
  2 peacekeepers (Vaults:3)
  5 ironbound frosthearts
  5 centaur warriors
  2 jorogumos
  10 boulder beetles
  8 alligators
  5 catoblepae
  3 two-headed ogres
  3 tengu warriors
  4 hell hogs (Depths:1)
  19 death yaks
  The ghost of purpskrrrp the Unseen, a journeyman OpEn of Dithmenos (D:11)
  A deep troll shaman (Depths:1)
  3 hell knights
  A soul eater (Depths:1)
  A spriggan berserker (Depths:1)
  4 spriggans
  A sun demon (Depths:1)
  A fire crab (Swamp:4)
  3 pharaoh ants
  4 goliath frogs
  An iron troll (Depths:1)
  A death drake (Swamp:4)
  6 skeletal warriors
  2 bog bodies
  3 steelbarb worms
  A golden dragon zombie (Depths:1)
  A glowing orange brain (Depths:1)
  4 spriggan druids
  27 deep trolls
  8 swamp dragons
  7 orb spiders
  4 lindwurms
  3 necromancers
  A harpy (Vaults:1)
  An ironbound convoker (Vaults:1)
  4 wizards
  3 orc knights
  8 manticores
  2 deep elf pyromancers
  16 wolf spiders
  10 ugly things
  5 cyclopes
  An orc sorcerer (Orc:1)
  2 moths of wrath
  A will-o-the-wisp (Swamp:1)
  A guardian serpent (shapeshifter) (D:14)
  A black mamba (Lair:1)
  A molten gargoyle (Swamp:4)
  8 vault sentinels
  A frost giant skeleton (Vaults:4)
  7 elephants
  2 guardian serpents (D:13)
  5 torpor snails
  7 cane toads
  A gargoyle (D:12)
  4 demonic crawlers
  2 rime drakes
  A smoke demon (Depths:1)
  7 komodo dragons
  10 yaktaurs
  An efreet (D:15)
  A human skeleton (Vaults:2)
  A freezing wraith (Swamp:1)
  A yaktaur skeleton (Vaults:4)
  2 meliai (Spider:4)
  A polar bear (Lair:4)
  A troll (D:12)
  9 hornets
  4 tyrant leeches
  15 tarantellas
  13 slime creatures
  4 dream sheep (Lair:3)
  14 blink frogs
  19 jumping spiders
  A spriggan zombie (Depths:1)
  22 culicivoras
  5 wyverns
  3 vampires (D:11)
  45 yaks
  A wraith (D:12)
  A basilisk (D:11)
  27 redbacks
  3 steam dragons
  8 vampire mosquitoes
  2 wargs (Orc:2)
  6 swamp worms
  4 acid dragons
  10 water moccasins
  5 swamp drakes
  A glowing shapeshifter skeleton (Depths:1)
  15 orc warriors
  A black bear (Lair:2)
  8 ogres
  10 centaurs
  6 wolves
  2 kobold brigands
  7 bullfrogs
  5 wights
  2 killer bees (D:10)
  A howler monkey (D:9)
  4 orc priests
  6 orc wizards
  6 hell rats
  2 gnolls (Bailey)
  5 river rats (Lair:1)
  A shadow imp (D:8)
  2 white imps (D:8)
  16 orcs
  4 kobolds
  A rat (Lair:1)
  A plant (Lair:3)
684 creatures vanquished.

Vanquished Creatures (others)
  An orc warlord (Vaults:3)
  An ogre mage (D:15)
  12 orc knights
  An orc sorcerer (Orc:2)
  A jumping spider (Spider:2)
  2 steam dragons (Swamp:4)
  6 orc priests
  A swamp drake (Swamp:4)
  18 orc warriors
  2 kobold brigands (D:8)
  A gnoll sergeant (D:8)
  A gnoll bouda (D:8)
  8 orc wizards
  39 orcs
  6 foxfires
  24 fungi
  82 plants
206 creatures vanquished.

Grand Total: 1478 creatures vanquished

Table legend:
 A = Non-vault XP
 B = Vault XP
 C = Vault XP percentage of total XP
 D = Non-vault monster count
 E = Vault monster count
 F = Vault count percentage of total count
                 A         B        C        D         E       F
            +---------+---------+-------+---------+---------+-------
      Total |  207533 |  194780 |  48.4 |     815 |     457 |  35.9
            +---------+---------+-------+---------+---------+-------
        D:1 |      25 |       0 |   0.0 |      17 |       0 |   0.0
        D:2 |      50 |       0 |   0.0 |      16 |       0 |   0.0
        D:3 |     180 |       0 |   0.0 |      25 |       0 |   0.0
        D:4 |     302 |       0 |   0.0 |      19 |       0 |   0.0
        D:5 |     498 |       0 |   0.0 |       9 |       0 |   0.0
        D:6 |     659 |       0 |   0.0 |      17 |       0 |   0.0
        D:7 |    1473 |     654 |  30.7 |      28 |       3 |   9.7
        D:8 |    2227 |     413 |  15.6 |      21 |       6 |  22.2
        D:9 |    1540 |     873 |  36.2 |      24 |       9 |  27.3
       D:10 |    1240 |       0 |   0.0 |      18 |       0 |   0.0
       D:11 |    3046 |    9440 |  75.6 |      10 |      31 |  75.6
       D:12 |    4350 |       0 |   0.0 |      15 |       0 |   0.0
       D:13 |    2000 |     609 |  23.3 |       7 |       2 |  22.2
       D:14 |    6794 |    1347 |  16.5 |      25 |       3 |  10.7
       D:15 |    6783 |    9633 |  58.7 |      15 |      17 |  53.1
     Lair:1 |    2178 |    1023 |  32.0 |      12 |      23 |  65.7
     Lair:2 |    7303 |       0 |   0.0 |      49 |       0 |   0.0
     Lair:3 |    1649 |     672 |  29.0 |       8 |       3 |  27.3
     Lair:4 |   11778 |       0 |   0.0 |      43 |       0 |   0.0
     Lair:5 |    4808 |    8633 |  64.2 |      20 |      33 |  62.3
    Swamp:1 |    6595 |    4914 |  42.7 |      22 |       8 |  26.7
    Swamp:2 |    9244 |     695 |   7.0 |      24 |       1 |   4.0
    Swamp:3 |   15274 |       0 |   0.0 |      31 |       0 |   0.0
    Swamp:4 |    5929 |   11637 |  66.2 |      16 |      28 |  63.6
   Spider:1 |   10540 |     277 |   2.6 |      44 |       1 |   2.2
   Spider:2 |   10066 |    3358 |  25.0 |      38 |       2 |   5.0
   Spider:3 |   17750 |       0 |   0.0 |      55 |       0 |   0.0
   Spider:4 |   13303 |   16679 |  55.6 |      38 |      39 |  50.6
      Orc:1 |    1277 |     595 |  31.8 |      19 |       1 |   5.0
      Orc:2 |    1060 |    4468 |  80.8 |       9 |      27 |  75.0
   Vaults:1 |    9636 |   19304 |  66.7 |      22 |      30 |  57.7
   Vaults:2 |    7574 |   22996 |  75.2 |      14 |      42 |  75.0
   Vaults:3 |   21047 |   16502 |  43.9 |      41 |      24 |  36.9
   Vaults:4 |    8687 |   41197 |  82.6 |      21 |      58 |  73.4
   Depths:1 |   10668 |    5531 |  34.1 |      23 |      11 |  32.4
    Ossuary |       0 |     349 | 100.0 |       0 |      16 | 100.0
     Bailey |       0 |     692 | 100.0 |       0 |      11 | 100.0
      IceCv |       0 |   12289 | 100.0 |       0 |      28 | 100.0
            +---------+---------+-------+---------+---------+-------

Illustrated notes

Table legend:
 A = Kills in this place as a percentage of kills in entire the game.
 B = Kills by you in this place as a percentage of kills by you in the entire game.
 C = Kills by friends in this place as a percentage of kills by friends in the entire game.
 D = Other kills in this place as a percentage of other kills in the entire game.
 E = Experience gained in this place as a percentage of experience gained in the entire game.
 F = Experience gained in this place divided by the number of levels of this place that you have seen.
                   A       B       C       D       E      F
               +-------+-------+-------+-------+-------+----------------------
         Total | 100.0 | 100.0 | 100.0 | 100.0 | 100.0 | 10587.2
       Dungeon |  26.5 |  35.4 |  18.8 |  33.3 |  13.5 | 3609.1
          Lair |  15.0 |   7.5 |  21.6 |   0.0 |   9.5 | 7608.8
         Swamp |  10.2 |   9.1 |  11.3 |   0.0 |  13.5 | 13572.0
   Spider Nest |  17.1 |  13.9 |  19.8 |  16.7 |  17.9 | 17993.2
  Orcish Mines |   4.4 |   1.9 |   6.6 |   0.0 |   1.8 | 3700.0
        Vaults |  19.8 |  21.6 |  18.0 |  50.0 |  36.5 | 36735.8
        Depths |   2.7 |   1.7 |   3.5 |   0.0 |   4.0 | 16199.0
       Ossuary |   1.3 |   2.7 |   0.0 |   0.0 |   0.1 | 349.0
        Bailey |   0.9 |   1.4 |   0.4 |   0.0 |   0.2 | 692.0
      Ice Cave |   2.2 |   4.8 |   0.0 |   0.0 |   3.1 | 12289.0
               +-------+-------+-------+-------+-------+----------------------

Table legend: (Time is in decaauts)
 A = Elapsed time spent in this place.
 B = Non-inter-level travel time spent in this place.
 C = Inter-level travel time spent in this place.
 D = Time resting spent in this place.
 E = Time spent auto-exploring this place.
 F = Levels seen in this place.
 G = Mean time per level.
                   A        B        C        D        E       F      G
               +--------+--------+--------+--------+--------+-----+--------+
         Total |  47257 |  45155 |   2102 |   4633 |  34110 |  38 | 1243.6 |
       Dungeon |  17006 |  16011 |    995 |    868 |  12643 |  15 | 1133.7 |
          Lair |   5247 |   4962 |    285 |     81 |   4224 |   5 | 1049.4 |
         Swamp |   5718 |   5456 |    262 |    788 |   3888 |   4 | 1429.5 |
   Spider Nest |   6356 |   6153 |    203 |    836 |   4549 |   4 | 1589.0 |
  Orcish Mines |   1281 |   1166 |    115 |      3 |    958 |   2 |  640.5 |
        Vaults |   8833 |   8594 |    239 |   1279 |   6414 |   4 | 2208.2 |
        Depths |   1130 |   1130 |      0 |    622 |    339 |   1 | 1130.0 |
       Ossuary |    508 |    508 |      0 |      0 |    414 |   1 |  508.0 |
        Bailey |    539 |    539 |      0 |     45 |    337 |   1 |  539.0 |
      Ice Cave |    634 |    634 |      0 |    111 |    342 |   1 |  634.0 |
               +--------+--------+--------+--------+--------+-----+--------+

Top non-repeatable levels by time:
Vaults:3: 2957 daAuts
Vaults:4: 2467 daAuts
Spider:4: 2146 daAuts
 Swamp:4: 1902 daAuts
Vaults:1: 1891 daAuts
Spider:3: 1842 daAuts
    D:11: 1823 daAuts
Vaults:2: 1517 daAuts
 Swamp:1: 1462 daAuts
     D:7: 1405 daAuts
 Swamp:3: 1398 daAuts
    D:15: 1367 daAuts
Spider:1: 1333 daAuts
  Lair:4: 1313 daAuts
     D:9: 1278 daAuts
